Map: Thunderbird LE

Players

DnS - Winner!

  • Race: Protoss Protoss
  • Spawn Location: 11:00

ButAlways

  • Race: Protoss Protoss
  • Spawn Location: 5:00

VOD

Have the link to the VOD?

Description

Time

  • Played on: Sept. 6, 2019, 9:02 p.m.
  • Length: 10:35
Show
View Real Time Build Order
Export as new Build Order

DnS Protoss - Winner!

Build Orders: Oracle Opening, Archon Immortal 

Get SALT Encoding   

  12  0:00  Probe  
  13  0:12  Probe  
  14  0:18  Pylon  
  14  0:24  Probe  
  15  0:32  Probe  
  15  0:37  Gateway  
  15  0:40  Probe  
  16  0:46  Assimilator  
  17  0:51  Probe  
  17  0:54  Assimilator  
  18  0:59  Probe  
  19  1:07  Gateway, Probe  
  19  1:17  Probe  
  20  1:25  Cybernetics Core  
  21  1:29  Probe  
  22  1:34  Pylon  
  22  1:41  Probe  
  23  1:53  Probe  
  26  2:01  Warp Gate  
  26  2:06  Stargate  
  24  2:10  Adept x2  
  28  2:17  Pylon  
  28  2:40  Stalker x2  
  32  2:45  Oracle  
  35  3:13  Oracle  
  35  3:22  Nexus  
  38  3:31  Pylon  
  38  3:34  Probe  
  39  3:35  Shield Battery  
  39  3:49  Probe  
  40  3:56  Robotics Facility  
  40  4:01  Probe  
  41  4:09  Probe, Sentry  
  44  4:18  Probe  
  43  4:27  Probe  
  42  4:33  Immortal, Stalker  
  42  4:36  Shield Battery  
  42  4:37  Shield Battery  
  45  4:41  Adept  
  52  4:50  Probe  
  52  4:51  Probe  
  49  5:00  Stalker  
  49  5:02  Adept  
  53  5:08  Phoenix  
  53  5:10  Probe x2  
  53  5:13  Pylon  
  57  5:17  Shield Battery  
  57  5:24  Adept  
  57  5:25  Adept  
  61  5:30  Immortal  
  57  5:36  Probe x2  
  59  5:45  Stalker  
  59  5:52  Probe  
  59  5:54  Probe  
  61  6:04  Probe  
  61  6:05  Forge  
  61  6:06  Probe  
  61  6:07  Pylon  
  61  6:10  Immortal  
  63  6:16  Probe  
  64  6:18  Probe  
  64  6:19  Assimilator  
  64  6:20  Assimilator  
  69  6:29  Probe  
  69  6:30  Pylon  
  68  6:40  Protoss Ground Weapons Level 1  
  68  6:42  Probe  
  68  6:50  Observer  
  68  6:51  Twilight Council  
  69  6:59  Shield Battery  
  69  7:00  Shield Battery, Adept x2  
  72  7:02  Shield Battery, Warp Prism  
  72  7:09  Charge  
  72  7:11  Photon Cannon  
  72  7:12  Photon Cannon  
  74  7:20  Sentry x2  
  78  7:23  Gateway  
  78  7:25  Gateway  
  78  7:29  Gateway  
  78  7:41  Immortal  
  78  7:45  Adept x2  
  83  7:58  Pylon  
  83  7:59  Pylon  
  83  8:09  Templar Archives, Gateway  
  83  8:15  Pylon  
  83  8:18  Zealot x3  
  88  8:32  Zealot x2  
  88  8:34  Observer  
  93  8:41  Zealot x3  
  99  8:52  High Templar  
  99  8:53  High Templar  
  103  8:58  Archon  
  103  9:14  Probe  
  104  9:18  High Templar  
  104  9:19  Zealot, High Templar  
  104  9:23  Archon, Nexus  
  109  9:38  Pylon  
  109  9:41  Pylon  
  109  9:42  Pylon  
  109  9:54  Probe  
  110  10:03  Nexus  
  110  10:07  Pylon  
  110  10:09  Zealot x4  
  110  10:10  Zealot x2  
  110  10:13  Gateway  
  122  10:14  Gateway  
Show
View Real Time Build Order
Export as new Build Order

ButAlways Protoss 

Build Orders: Phoenix Opening 

Get SALT Encoding   

  12  0:00  Probe  
  13  0:13  Probe  
  14  0:17  Pylon  
  14  0:24  Probe  
  15  0:32  Probe  
  15  0:36  Gateway  
  15  0:40  Probe  
  16  0:47  Assimilator  
  17  0:51  Probe  
  17  0:54  Assimilator  
  18  0:59  Probe  
  19  1:08  Probe  
  19  1:09  Gateway  
  19  1:18  Probe  
  20  1:25  Cybernetics Core  
  21  1:30  Probe  
  22  1:36  Pylon  
  22  1:42  Probe  
  23  2:01  Warp Gate, Sentry, Stalker  
  28  2:08  Probe  
  28  2:12  Pylon  
  28  2:16  Pylon  
  28  2:27  Robotics Facility  
  28  2:37  Phoenix  
  28  2:40  Sentry  
  30  2:49  Nexus  
  29  2:55  Stalker  
  31  3:06  Pylon  
  31  3:16  Immortal, Pylon  
  35  3:31  Pylon  
  35  3:37  Gateway  
  35  3:49  Warp Prism  
  35  3:51  Sentry x2  
  41  4:09  Shield Battery  
  41  4:15  Stalker  
  39  4:32  Stalker x2  
  39  4:36  Observer  
  44  4:39  Probe x2  
  46  4:47  Probe  
  47  5:05  Adept  
  47  5:06  Adept, Sentry  
  52  5:28  Adept x2  
  42  5:36  Stalker  
  42  5:37  Probe  
  42  5:41  Probe  
  46  5:49  Probe  
  35  5:51  Probe  
  36  5:57  Probe, Sentry x2  
  36  5:59  Probe  
  42  6:05  Probe  
  42  6:08  Probe  
  43  6:15  Stalker  
  43  6:16  Probe  
  47  6:20  Probe  
  47  6:23  Stalker  
  50  6:28  Probe  
  50  6:29  Probe  
  51  6:36  Immortal  
  56  7:05  Stalker x2  
  60  7:09  Pylon  
  60  7:15  Pylon  
  60  7:19  Observer  
  60  7:34  Shield Battery  
  60  7:40  Adept  
  60  7:41  Adept x2  
  66  7:48  Immortal, Probe x2  
  68  7:56  Probe x2  
  68  8:00  Robotics Facility  
  68  8:04  Probe, Assimilator  
  68  8:05  Probe  
  70  8:06  Assimilator  
  72  8:13  Pylon  
  72  8:17  Probe x2  
  74  8:20  Nexus  
  74  8:28  Twilight Council  
  74  8:29  Probe  
  75  8:35  Immortal  
  75  8:37  Probe  
  80  8:44  Immortal  
  80  8:49  Probe  
  85  9:02  Pylon  
  85  9:04  Forge  
  85  9:15  Templar Archives  
  85  9:21  Immortal  
  89  9:31  Immortal  
  93  9:38  Robotics Bay  
  93  9:43  Adept x2  
  93  9:44  Adept  
  97  9:48  Probe  
  97  9:49  Probe  
  99  9:54  Immortal  
  99  10:02  Probe  
  104  10:09  Shield Battery  
  104  10:10  Shield Battery  
  104  10:12  Shield Battery  
  104  10:16  Probe  
  104  10:18  Sentry x2  
  108  10:22  Shield Battery  
  108  10:24  Shield Battery  
  108  10:25  Shield Battery  
Tags
 
Add a new tag
Caveats
  • Supply blocks, unpowered buildings, or Contaminate may cause inaccurate times.
  • Supply counts are checked every 10 seconds.